[ AOE2 MATCH · #506603352 ]
UnrankedMuisca vs Huns
Player's team · WIN
Rival team · LOSS
[ REPLAY ANALYSIS · EXTRACTED FROM THE RECORDED GAME ]
Feudal
9:08
Castle
—
Imperial
—
| APM avg | 53.7 |
| APM peak | 73 |
| eAPM avg | 29.0 |
| Villagers / military | 43 / 25 |
Focus
⚔️ 49.4% · 🌾 50.6%
Spearman ×15 · Archer ×10 · Unknown (2550) ×7
Feudal
9:30
Castle
—
Imperial
—
| APM avg | 52.5 |
| APM peak | 69 |
| eAPM avg | 22.4 |
| Villagers / military | 50 / 17 |
Focus
⚔️ 40.7% · 🌾 59.3%
Scout Cavalry ×15 · Skirmisher ×2
Match map
Initial resources + every placement click. Lines = walls · curves = elevation contours. ◆ gold · ⬟ stone · ● berries · ✦ relic · ◌ wall gap
Your base· Open — unwalled flank
Tunnelvision99's base· Open — unwalled flank
Smoothed initial terrain · ◌ = detected wall gap · hover for details
Inputs per minute
— 青衫天子 - - Tunnelvision99
Build order — 青衫天子
145 actions detected in the replay
| 0:00 | Queue | Villager (Male) |
| 0:01 | Queue | Villager (Male) |
| 0:01 | Queue | Villager (Male) |
| 0:02 | Build | House |
| 0:03 | Build | House |
| 0:09 | Research | Loom |
| 0:11 | Queue | Villager (Male) |
| 0:20 | Queue | Villager (Male) |
| 0:20 | Queue | Villager (Male) |
| 0:22 | Queue | Villager (Male) |
| 1:35 | Queue | Villager (Male) |
| 1:59 | Build | Settlement |
| 2:22 | Queue | Villager (Male) |
| 2:58 | Queue | Villager (Male) |
| 3:25 | Queue | Villager (Male) |
| 3:26 | Queue | Villager (Male) |
| 4:17 | Queue | Villager (Male) |
| 4:17 | Queue | Villager (Male) |
| 4:19 | Queue | Villager (Male) |
| 4:48 | Queue | Villager (Male) |
| 6:00 | Queue | Villager (Male) |
| 6:01 | Queue | Villager (Male) |
| 6:14 | Build | Barracks |
| 6:26 | Queue | Villager (Male) |
| 6:50 | Build | House |
| 6:58 | Research | Feudal Age |
| 7:07 | Build | Settlement |
| 7:24 | Build | House |
| 7:33 | Queue | Unit 2550 |
| 7:34 | Queue | Unit 2550 |
| 8:01 | Build | Palisade Wall |
| 8:10 | Build | Palisade Wall |
| 8:11 | Build | Palisade Wall |
| 8:11 | Build | Palisade Wall |
| 8:12 | Build | Palisade Wall |
| 8:12 | Build | Palisade Wall |
| 8:13 | Build | Palisade Wall |
| 8:15 | Build | Palisade Wall |
| 8:16 | Build | Palisade Wall |
| 8:18 | Build | Palisade Wall |
| 8:18 | Build | Palisade Wall |
| 8:19 | Build | Palisade Wall |
| 8:30 | Build | Palisade Wall |
| 8:50 | Build | Settlement |
| 9:05 | Build | Palisade Wall |
| 9:06 | Build | Palisade Wall |
| 9:06 | Build | Palisade Wall |
| 9:07 | Queue | Villager (Male) |
| 9:08 | Age | Feudal Age |
| 9:12 | Research | Tech 1402 |
| 9:18 | Queue | Villager (Male) |
| 9:30 | Research | Double-Bit Axe |
| 9:30 | Research | Double-Bit Axe |
| 9:39 | Queue | Villager (Male) |
| 10:10 | Build | Palisade Wall |
| 10:12 | Build | Palisade Wall |
| 10:13 | Build | Palisade Wall |
| 10:15 | Build | Palisade Wall |
| 10:18 | Queue | Villager (Male) |
| 10:41 | Build | Archery Range |
| 10:42 | Queue | Villager (Male) |
| 10:44 | Build | Palisade Wall |
| 10:45 | Build | Palisade Wall |
| 10:54 | Build | Farm |
| 11:08 | Build | Palisade Wall |
| 11:12 | Queue | Villager (Male) |
| 11:22 | Queue | Spearman |
| 11:26 | Build | Farm |
| 11:30 | Build | Farm |
| 11:36 | Build | House |
| 11:50 | Queue | Villager (Male) |
| 11:52 | Queue | Unit 2550 |
| 11:54 | Build | Farm |
| 12:13 | Queue | Villager (Male) |
| 12:15 | Queue | Archer |
| 12:15 | Queue | Archer |
| 12:19 | Build | Farm |
| 12:29 | Queue | Spearman |
| 12:33 | Build | Farm |
| 12:51 | Build | Farm |
| 12:56 | Build | Farm |
| 12:56 | Queue | Villager (Male) |
| 13:11 | Queue | Villager (Male) |
| 13:16 | Queue | Archer |
| 13:19 | Build | Farm |
| 13:26 | Queue | Spearman |
| 13:36 | Build | Farm |
| 13:38 | Queue | Villager (Male) |
| 13:46 | Queue | Villager (Male) |
| 14:08 | Build | House |
| 14:11 | Build | Farm |
| 14:13 | Build | Farm |
| 14:18 | Queue | Archer |
| 14:18 | Queue | Archer |
| 14:28 | Build | Palisade Gate |
| 14:30 | Queue | Villager (Male) |
| 14:40 | Research | Town Watch |
| 14:52 | Build | Palisade Wall |
| 14:57 | Queue | Villager (Male) |
| 15:02 | Build | Blacksmith |
| 15:05 | Queue | Archer |
| 15:06 | Queue | Archer |
| 15:15 | Build | House |
| 15:30 | Research | Horse Collar |
| 15:40 | Research | Fletching |
| 15:41 | Queue | Villager (Male) |
| 15:44 | Queue | Villager (Male) |
| 15:56 | Queue | Spearman |
| 15:56 | Queue | Spearman |
| 15:57 | Queue | Spearman |
| 16:02 | Queue | Archer |
| 16:07 | Queue | Villager (Male) |
| 16:13 | Build | Farm |
| 16:33 | Queue | Spearman |
| 16:35 | Queue | Villager (Male) |
| 16:47 | Queue | Archer |
| 16:53 | Build | Palisade Wall |
| 16:59 | Research | Scale Mail Armor |
| 17:03 | Queue | Spearman |
| 17:10 | Queue | Villager (Male) |
| 17:16 | Build | Barracks |
| 17:20 | Queue | Spearman |
| 17:28 | Queue | Villager (Male) |
| 17:30 | Queue | Spearman |
| 17:38 | Queue | Spearman |
| 17:46 | Queue | Archer |
| 17:52 | Queue | Spearman |
| 18:02 | Research | Forging |
| 18:03 | Queue | Villager (Male) |
| 18:08 | Queue | Villager (Male) |
| 18:14 | Queue | Villager (Male) |
| 18:32 | Queue | Spearman |
| 18:33 | Queue | Spearman |
| 18:38 | Build | Farm |
| 18:53 | Queue | Unit 2550 |
| 18:53 | Queue | Unit 2550 |
| 19:00 | Queue | Spearman |
| 19:12 | Queue | Villager (Male) |
| 19:13 | Build | Watch Tower |
| 19:19 | Build | House |
| 19:20 | Build | House |
| 19:24 | Research | Wheelbarrow |
| 19:41 | Queue | Unit 2550 |
| 19:41 | Queue | Unit 2550 |
| 19:45 | Build | Market |
Build order — Tunnelvision99
111 actions detected in the replay
| 0:03 | Queue | Villager (Male) ×4 |
| 1:18 | Queue | Villager (Male) |
| 1:54 | Queue | Villager (Male) |
| 2:22 | Queue | Villager (Male) |
| 2:30 | Queue | Villager (Male) |
| 3:21 | Queue | Villager (Male) |
| 3:28 | Queue | Villager (Male) |
| 3:34 | Queue | Villager (Male) |
| 3:38 | Queue | Villager (Male) |
| 3:52 | Build | Palisade Wall |
| 4:01 | Queue | Villager (Male) |
| 4:08 | Queue | Villager (Male) |
| 4:16 | Build | Lumber Camp |
| 4:20 | Research | Loom |
| 4:22 | Queue | Villager (Male) |
| 4:30 | Queue | Villager (Male) |
| 4:31 | Queue | Villager (Male) |
| 4:31 | Queue | Villager (Male) |
| 5:05 | Queue | Villager (Male) |
| 5:35 | Queue | Villager (Male) |
| 5:54 | Queue | Villager (Male) |
| 6:21 | Queue | Villager (Male) |
| 6:42 | Build | Mill |
| 7:20 | Research | Feudal Age |
| 8:27 | Build | Barracks |
| 8:30 | Build | Palisade Wall |
| 8:31 | Build | Palisade Wall |
| 8:41 | Queue | Villager (Male) |
| 8:45 | Queue | Villager (Male) |
| 9:23 | Queue | Villager (Male) |
| 9:28 | Build | Palisade Wall |
| 9:30 | Age | Feudal Age |
| 9:32 | Build | Palisade Wall |
| 9:41 | Queue | Villager (Male) |
| 9:44 | Build | Stable |
| 9:49 | Build | Palisade Wall |
| 9:50 | Build | Palisade Wall |
| 9:55 | Build | Palisade Wall |
| 10:07 | Queue | Villager (Male) |
| 10:11 | Queue | Villager (Male) |
| 10:24 | Build | Farm |
| 10:27 | Queue | Scout Cavalry |
| 10:28 | Queue | Scout Cavalry |
| 10:28 | Queue | Scout Cavalry |
| 10:36 | Queue | Villager (Male) |
| 10:44 | Queue | Villager (Male) |
| 10:46 | Build | Farm |
| 11:01 | Queue | Villager (Male) |
| 11:07 | Build | Farm |
| 11:10 | Build | Farm |
| 11:28 | Build | Palisade Wall |
| 11:33 | Build | Palisade Wall |
| 11:41 | Build | Palisade Wall |
| 11:42 | Queue | Scout Cavalry |
| 11:53 | Queue | Villager (Male) |
| 11:54 | Build | Farm |
| 11:56 | Build | Farm |
| 12:06 | Queue | Villager (Male) |
| 12:25 | Queue | Villager (Male) |
| 12:29 | Queue | Villager (Male) |
| 12:30 | Build | Farm |
| 12:32 | Build | Farm |
| 12:33 | Build | Farm |
| 12:37 | Queue | Villager (Male) |
| 12:43 | Build | Farm |
| 12:46 | Queue | Villager (Male) |
| 13:13 | Build | Mining Camp |
| 13:20 | Queue | Villager (Male) |
| 13:23 | Queue | Scout Cavalry |
| 13:23 | Queue | Scout Cavalry |
| 13:46 | Build | Palisade Gate |
| 13:59 | Build | Farm |
| 14:07 | Queue | Scout Cavalry |
| 14:08 | Queue | Villager (Male) |
| 14:28 | Build | Farm |
| 14:33 | Queue | Villager (Male) |
| 14:34 | Build | Farm |
| 14:37 | Build | Farm |
| 14:43 | Queue | Scout Cavalry |
| 14:48 | Queue | Villager (Male) |
| 15:02 | Build | Farm |
| 15:07 | Research | Bloodlines |
| 15:16 | Build | Palisade Wall |
| 15:33 | Build | Blacksmith |
| 15:40 | Queue | Scout Cavalry |
| 15:41 | Queue | Scout Cavalry |
| 15:58 | Queue | Villager (Male) |
| 16:02 | Queue | Villager (Male) |
| 16:23 | Research | Forging |
| 16:24 | Queue | Villager (Male) |
| 16:48 | Queue | Villager (Male) |
| 16:54 | Build | Watch Tower |
| 16:55 | Queue | Scout Cavalry |
| 17:02 | Queue | Villager (Male) |
| 17:22 | Build | Archery Range |
| 17:27 | Queue | Scout Cavalry |
| 17:38 | Build | Archery Range |
| 17:41 | Queue | Scout Cavalry |
| 17:42 | Queue | Villager (Male) |
| 17:51 | Queue | Scout Cavalry |
| 17:58 | Queue | Villager (Male) |
| 18:18 | Build | Stable |
| 18:20 | Queue | Skirmisher |
| 18:23 | Queue | Skirmisher |
| 18:24 | Queue | Villager (Male) |
| 18:30 | Build | Stone Wall |
| 18:35 | Build | Watch Tower |
| 18:40 | Build | Watch Tower |
| 18:41 | Research | Fletching |
| 18:52 | Queue | Villager (Male) |
| 19:17 | Queue | Scout Cavalry |
Match timeline
| 3:52 | Tunnelvision99 · wall_segment Palisade Wall x1 |
| 6:14 | 青衫天子 · first_building Barracks |
| 8:01 | 青衫天子 · wall_segment Palisade Wall x4 |
| 8:10 | 青衫天子 · wall_segment Palisade Wall x1 |
| 8:11 | 青衫天子 · wall_segment Palisade Wall x1 |
| 8:11 | 青衫天子 · wall_segment Palisade Wall x1 |
| 8:12 | 青衫天子 · wall_segment Palisade Wall x1 |
| 8:12 | 青衫天子 · wall_segment Palisade Wall x1 |
| 8:13 | 青衫天子 · wall_segment Palisade Wall x1 |
| 8:15 | 青衫天子 · wall_segment Palisade Wall x1 |
| 8:16 | 青衫天子 · wall_segment Palisade Wall x1 |
| 8:18 | 青衫天子 · wall_segment Palisade Wall x1 |
| 8:18 | 青衫天子 · wall_segment Palisade Wall x1 |
| 8:19 | 青衫天子 · wall_segment Palisade Wall x1 |
| 8:27 | Tunnelvision99 · first_building Barracks |
| 8:30 | 青衫天子 · wall_segment Palisade Wall x1 |
| 8:30 | Tunnelvision99 · wall_segment Palisade Wall x1 |
| 8:31 | Tunnelvision99 · wall_segment Palisade Wall x1 |
| 9:05 | 青衫天子 · wall_segment Palisade Wall x1 |
| 9:06 | 青衫天子 · wall_segment Palisade Wall x1 |
| 9:06 | 青衫天子 · wall_segment Palisade Wall x1 |
| 9:08 | 青衫天子 · age_up feudal |
| 9:28 | Tunnelvision99 · wall_segment Palisade Wall x1 |
| 9:30 | Tunnelvision99 · age_up feudal |
| 9:32 | Tunnelvision99 · wall_segment Palisade Wall x6 |
| 9:44 | Tunnelvision99 · first_building Stable |
| 9:49 | Tunnelvision99 · wall_segment Palisade Wall x1 |
| 9:50 | Tunnelvision99 · wall_segment Palisade Wall x1 |
| 9:55 | Tunnelvision99 · wall_segment Palisade Wall x1 |
| 10:10 | 青衫天子 · wall_segment Palisade Wall x1 |
| 10:12 | 青衫天子 · wall_segment Palisade Wall x1 |
| 10:13 | 青衫天子 · wall_segment Palisade Wall x1 |
| 10:15 | 青衫天子 · wall_segment Palisade Wall x1 |
| 10:41 | 青衫天子 · first_building Archery Range |
| 10:44 | 青衫天子 · wall_segment Palisade Wall x1 |
| 10:45 | 青衫天子 · wall_segment Palisade Wall x1 |
| 11:08 | 青衫天子 · wall_segment Palisade Wall x1 |
| 11:28 | Tunnelvision99 · wall_segment Palisade Wall x1 |
| 11:33 | Tunnelvision99 · wall_segment Palisade Wall x2 |
| 11:41 | Tunnelvision99 · wall_segment Palisade Wall x1 |
| 14:52 | 青衫天子 · wall_segment Palisade Wall x1 |
| 15:16 | Tunnelvision99 · wall_segment Palisade Wall x2 |
| 16:53 | 青衫天子 · wall_segment Palisade Wall x1 |
| 17:22 | Tunnelvision99 · first_building Archery Range |
| 18:30 | Tunnelvision99 · wall_segment Stone Wall x1 |
| 19:46 | Tunnelvision99 · resign |
[ AI ANALYSIS · 1 CREDIT ]
What really happened in this match?
Wolo.gg analyzes every decision: build order, eco, micro, common mistakes by bracket. Personalized analysis on WhatsApp or Discord in 30 seconds.
Civ guide
Muisca
Perfil
Jugador #11055129